 Dungeon Crawl Stone Soup version 0.22.1-1-ga44c0e5 (webtiles) character file.

109614 aMcNicky the Executioner (level 16, -25/149 HPs)
             Began as a Hill Orc Fighter on Oct 3, 2018.
             Was a High Priest of Zin.
             Annihilated by an ettin
             ... wielding a +0 dire flail of protection
              (32 damage)
             ... on level 15 of the Dungeon on Oct 4, 2018.
             The game lasted 01:44:24 (36800 turns).

aMcNicky the Executioner (Hill Orc Fighter)        Turns: 36800, Time: 01:44:25

Health: -25/149    AC: 27    Str: 28    XL:     16   Next: 52%
Magic:  24/27      EV:  9    Int: 15    God:    Zin [*****.]
Gold:   1379       SH:  0    Dex: 10    Spells: 15/15 levels left

rFire    + . .     SeeInvis .   a - +2 battleaxe of Waorgh {chop, +Fly Int+7}
rCold    . . .     Gourm    .   (shield currently unavailable)
rNeg     + . .     Faith    .   X - +6 chain mail of the Fiddle {rN+ Str+2}
rPois    .         Spirit   .   K - +0 helmet
rElec    .         Reflect  +   s - +0 cloak
rCorr    .         Harm     .   d - +0 pair of gloves
MR       ++...                  p - +2 pair of boots
Stlth    ..........             x - +4 amulet of reflection
HPRegen  0.34/turn              G - ring of protection from fire
MPRegen  0.20/turn              m - ring of protection from magic

@: confused
A: no striking features
a: Recite, Vitalisation, Imprison, Sanctuary, Donate Gold, Renounce Religion,
Evoke Flight


You were on level 15 of the Dungeon.
You worshipped Zin.
Zin was extremely pleased with you.
You were not hungry.

You visited 3 branches of the dungeon, and saw 23 of its levels.
You also visited: Sewer and Ice Cave.

You collected 1711 gold pieces.
You spent 45 gold pieces at shops.
You donated 287 gold pieces to Zin.

Inventory:

Hand Weapons
 a - the +2 battleaxe of Waorgh (weapon) {chop, +Fly Int+7}
   (You found it on level 12 of the Dungeon)

   It inflicts extra damage upon your enemies.
   It affects your intelligence (+7).
   It lets you fly.
 b - a +3 mace
Missiles
 e - 736 stones (quivered)
Armour
 d - a +0 pair of gloves (worn)
 p - a +2 pair of boots (worn)
 s - a +0 cloak (worn)
 K - a +0 helmet (worn)
 S - the +1 buckler "Luschukh" {rC+}
   (You found it on level 1 of the Lair of Beasts)

   It protects you from cold.
 X - the +6 chain mail of the Fiddle (worn) {rN+ Str+2}
   (You found it in an ice cave)

   It affects your strength (+2).
   It protects you from negative energy.
Jewellery
 m - a ring of protection from magic (right hand)
 w - an uncursed ring of poison resistance {unknown}
 x - a +4 amulet of reflection (around neck)
 y - an uncursed ring of positive energy
 G - a ring of protection from fire (left hand)
 I - a +2 ring of slaying
 V - an uncursed ring of protection from fire
Wands
 j - a wand of iceblast (11)
 t - a wand of paralysis (9)
 z - a wand of acid (18)
 C - a wand of flame (56)
 W - a wand of digging (18)
Scrolls
 c - 2 scrolls of amnesia {unknown}
 g - 11 scrolls of remove curse {@r2}
 h - a scroll of torment {unknown}
 k - 3 scrolls of magic mapping
 v - 3 scrolls of identify {@r1}
 A - 2 scrolls of fear
 D - 9 scrolls of teleportation
 F - 3 scrolls of vulnerability {unknown}
 J - a scroll of enchant armour {unknown}
 L - 3 scrolls of enchant weapon
 O - a scroll of summoning {unknown}
 U - 2 scrolls of brand weapon {unknown}
 Y - 2 scrolls of fog {unknown}
 Z - 2 scrolls of holy word {unknown}
Potions
 i - 3 potions of agility
 l - 3 potions of lignification
 n - 2 potions of magic {unknown}
 o - a potion of resistance {unknown}
 q - 11 potions of curing {@q1}
 r - 2 potions of mutation
 u - a potion of might
 B - 7 potions of brilliance
 E - a potion of ambrosia
 H - 2 potions of flight
 N - 2 potions of cancellation
 R - 2 potions of haste
 T - a potion of berserk rage {unknown}
Comestibles
 f - 23 rations


   Skills:
 + Level 15.4 Fighting
 * Level 21.9 Axes
 + Level 14.4 Armour
 - Level 5.0 Shields
 + Level 15.4 Invocations


You had 15 spell levels left.
You didn't know any spells.
Your spell library contained the following spells:

 Spells                   Type           Power        Failure   Level  Hunger
 Magic Dart               Conj           #...         67%         1    ##.....
 Sandblast                Erth           #.....       67%         1    ##.....
 Summon Small Mammal      Summ           #...         67%         1    ##.....
 Blink                    Tloc           N/A          82%         2    ###....
 Call Imp                 Summ           #.......     82%         2    ###....
 Passwall                 Tmut/Erth      #.......     82%         2    ###....
 Slow                     Hex            #.......     82%         2    ###....
 Call Canine Familiar     Summ           #.......     96%         3    ####...
 Conjure Flame            Conj/Fire      #.......     96%         3    ####...
 Mephitic Cloud           Conj/Pois/Air  #.......     96%         3    ####...
 Stone Arrow              Conj/Erth      #.....       96%         3    ####...
 Summon Guardian Golem    Hex/Summ       #.......     96%         3    ####...
 Petrify                  Tmut/Erth      #.......     100%        4    #####..
 Summon Ice Beast         Ice/Summ       #.......     100%        4    #####..
 Summon Lightning Spire   Summ/Air       #.......     100%        4    #####..
 Lee's Rapid Deconstruct  Erth           #.........   100%        5    ######.


Dungeon Overview and Level Annotations

Branches:
Dungeon (15/15)            Temple (0/1) D:4            Lair (6/6) D:8
  Swamp (0/4) Lair:4       Spider (0/4) Lair:3        Slime (0/5) Lair:6
    Orc (2/2) D:9             Elf (0/3) Orc:2        Vaults (0/5) D:13
 Depths (0/5) D:15

Altars:
Fedhas
Hepliaklqana
Yredelemnul
Zin
Beogh

Shops:
D:8 ?   D:9 [   D:14 [   Orc:2 ?*:}

Annotations:
D:7 1 runed door
Lair:5 exclusion: oklob plant
Lair:6 exclusion: 3 oklob plants


Message History

You are too injured to fight recklessly! "...the altar, that judgement might be passed..."
You hear a horrible gurgling sound!
The ettin shouts, "NO!"
Things that are here:
an enchanted dagger; a leather armour; an elf corpse "...upon those who were not pure."
You finish reciting Abominations 4:29.
The ettin closely misses you.
The ettin hits you with a great mace of holy wrath!!
* * * LOW HITPOINT WARNING * * *
Found a staircase to the Depths.
You hear a choir sing!
By Zin's power, all blood is cleared from the sanctuary.
The ettin turns to flee the light!
Zin will no longer cleanse your potions of mutation.
You are confused.
You feel invigorated. The ettin hits you but does no damage.
The ettin hits you with a great mace of holy wrath!!
You die...

##.#...# ###...##
..#/.. #..###.
#.#.#####..##.. #
# #)).##........
#.#.
#(†..........# ..#
#)†#....######
####)####(.#..#.#
#>..#)))).......#
#....@#.....).###
#...#C#..........
#.#.#..##.......##
..#.....##.......#
#.######.........
# #......##.
#..<...#


You could see an ettin (confused).

Vanquished Creatures
  2 dire elephants
  Azrael (D:14)
  Josephine (D:12)
  7 hydras
  Fannar (Lair:2)
  A merfolk avatar (Lair:6)
  A catoblepas (D:14)
  4 centaur warriors
  3 ogre magi
  20 two-headed ogres
  A death yak (Lair:4)
  2 tengu warriors
  Urug (Lair:2)
  13 skeletal warriors
  2 unseen horrors
  A wolf spider zombie (D:14)
  A deep elf archer (D:15)
  A lindwurm (Lair:4)
  2 necromancers
  An orc knight (D:14)
  A harpy (Lair:6)
  2 deep elf magi
  2 orc sorcerers
  8 ugly things
  A salamander (Lair:2)
  3 manticores
  4 cyclopes
  5 elephants
  Maurice (D:12)
  A guardian serpent (shapeshifter) (D:14)
  4 black mambas
  A gargoyle (D:14)
  2 ice statues (IceCv)
  9 rime drakes
  A rime drake (shapeshifter) (D:13)
  11 spiny frogs
  An efreet (D:13)
  5 yaktaurs (D:15)
  14 komodo dragons
  9 ice devils (IceCv)
  2 kobold demonologists
  4 trolls
  A wind drake (Lair:6)
  5 polar bears
  3 hornets
  12 slime creatures
  29 blink frogs
  2 meliai zombies (D:12)
  11 dream sheep
  16 hippogriffs
  Sigmund (D:2)
  3 wraiths (D:12)
  2 shadows
  5 wyverns
  3 fire elementals (D:14)
  6 basilisks
  38 yaks
  2 hungry ghosts
  3 vampire mosquitoes (D:15)
  A steam dragon (D:9)
  14 water moccasins
  2 hell hounds
  4 porcupines
  15 orc warriors
  4 ice beasts
  4 sky beasts
  2 black bears
  An eye of draining (D:13)
  2 phantoms
  23 wolves
  39 ogres
  6 centaurs
  12 crocodiles
  5 big kobolds
  2 wyvern zombies
  15 bullfrogs
  A water moccasin skeleton (D:7)
  5 scorpions
  4 killer bees (D:10)
  4 wights (D:6)
  7 howler monkeys
  2 electric eels (Lair:4)
  11 crimson imps
  5 bullfrog zombies
  2 centaur zombies
  A draconian simulacrum (IceCv)
  3 quasits
  12 hounds
  7 jellies
  9 orc priests
  16 orc wizards
  A bullfrog skeleton (D:10)
  Jessica (D:2)
  6 centaur skeletons
  4 iguanas
  Natasha (D:3)
  2 spriggan simulacra (IceCv)
  8 worker ants
  2 troll simulacra (IceCv)
  A killer bee zombie (D:7)
  4 centaur simulacra
  2 hound zombies
  5 hound skeletons
  3 worker ant zombies
  Robin (D:2)
  17 adders
  7 gnolls
  6 river rats (Sewer)
  A naga simulacrum (IceCv)
  An ogre simulacrum (IceCv)
  6 shadow imps
  12 white imps (Orc:1)
  An adder zombie (D:6)
  6 worms
  2 dart slugs (D:2)
  3 leopard geckos
  97 orcs
  5 bats
  11 giant cockroaches
  9 goblins
  6 hobgoblins
  16 jackals
  3 quokkas
  6 ball pythons (Sewer)
  5 frilled lizards
  A jackal skeleton (D:7)
  23 kobolds
  A kobold skeleton (D:7)
  A leopard gecko skeleton (D:4)
  A quokka skeleton (D:5)
  25 rats
  4 fungi
  2 plants
858 creatures vanquished.

Vanquished Creatures (others)
  An orc (D:9)
  18 fungi
  2 pillars of salt (D:15)
  31 plants
  7 toadstools (Lair:4)
59 creatures vanquished.

Grand Total: 917 creatures vanquished

Notes
Turn   | Place    | Note
-------+----------+-------------------------------------------
     0 | D:1      | aMcNicky the Hill Orc Fighter began the quest for the Orb.
     0 | D:1      | Reached XP level 1. HP: 19/19 MP: 1/1
   184 | D:1      | Reached skill level 3 in Axes
   330 | D:1      | Reached XP level 2. HP: 24/27 MP: 2/2
   954 | D:2      | Reached XP level 3. HP: 27/33 MP: 3/3
  1025 | D:2      | Noticed Robin
  1037 | D:2      | Killed Robin
  1037 | D:2      | Reached skill level 4 in Axes
  1134 | D:2      | Noticed Sigmund
  1147 | D:2      | Killed Sigmund
  1147 | D:2      | Reached skill level 5 in Axes
  1147 | D:2      | Reached XP level 4. HP: 17/41 MP: 4/4
  1147 | D:2      | Reached XP level 5. HP: 19/47 MP: 5/5
  1456 | D:2      | Reached skill level 6 in Axes
  1456 | D:2      | Reached XP level 6. HP: 53/55 MP: 6/6
  1507 | D:2      | Reached skill level 5 in Fighting
  2062 | D:2      | Noticed Jessica
  2065 | D:2      | Killed Jessica
  2774 | D:3      | Noticed Natasha
  2778 | D:3      | Killed Natasha
  3004 | D:4      | Found a staircase to the Ecumenical Temple.
  3027 | D:4      | Reached skill level 7 in Axes
  3027 | D:4      | Reached skill level 5 in Armour
  3027 | D:4      | Reached XP level 7. HP: 57/61 MP: 7/7
  3243 | D:4      | Found a glowing silver altar of Zin.
  3372 | D:4      | Found a glowing drain.
  3407 | Sewer    | Entered a sewer
  3663 | Sewer    | Reached skill level 8 in Axes
  4153 | D:4      | Reached XP level 8. HP: 37/71 MP: 8/8
  4508 | D:4      | Became a worshipper of Zin the Law-Giver
  4508 | D:4      | Reached * piety under Zin
  4552 | D:5      | Entered Level 5 of the Dungeon
  4678 | D:5      | Reached skill level 9 in Axes
  5204 | D:5      | Reached skill level 1 in Invocations
  6293 | D:6      | Reached skill level 10 in Axes
  6388 | D:6      | Reached XP level 9. HP: 77/79 MP: 11/11
  6435 | D:6      | Reached ** piety under Zin
  7497 | D:7      | Reached skill level 11 in Axes
  7506 | D:7      | Donated 118 gold pieces to Zin
  7521 | D:7      | Found a runed door.
  7522 | D:7      | Found a basalt altar of Yredelemnul.
  8233 | D:8      | Reached skill level 5 in Invocations
  8238 | D:8      | Reached *** piety under Zin
  8361 | D:8      | Found Eqei's Magic Scroll Boutique.
  8364 | D:8      | Bought a scroll of fear for 45 gold pieces
  8585 | D:8      | Found a staircase to the Lair.
  8586 | D:8      | Noticed a komodo dragon
  8617 | D:8      | Noticed a hornet
  8626 | D:8      | Killed a hornet
  8626 | D:8      | Reached skill level 12 in Axes
  8626 | D:8      | Reached XP level 10. HP: 83/90 MP: 14/14
 10242 | D:9      | Reached skill level 13 in Axes
 11125 | D:9      | Found a staircase to the Orcish Mines.
 11387 | D:9      | Found Oxuxkiab's Antique Armour Emporium.
 11627 | D:9      | Reached XP level 11. HP: 99/99 MP: 16/16
 11849 | D:10     | Entered Level 10 of the Dungeon
 12072 | D:10     | Reached skill level 10 in Fighting
 12084 | D:10     | Reached skill level 14 in Axes
 12324 | D:10     | Killed an unseen horror
 12836 | D:10     | Reached **** piety under Zin
 13161 | D:11     | Killed an unseen horror
 13704 | D:11     | Noticed a white ugly thing
 13721 | D:11     | Killed a white ugly thing
 13760 | D:11     | Noticed a cyclops
 13776 | D:11     | Killed a cyclops
 13794 | D:11     | Noticed a six-headed hydra
 14186 | D:11     | Killed a six-headed hydra
 14186 | D:11     | Reached skill level 15 in Axes
 14458 | D:11     | Reached skill level 10 in Armour
 14646 | Lair:1   | Entered Level 1 of the Lair of Beasts
 15034 | Lair:1   | Got a brightly glowing buckler
 15045 | Lair:1   | Identified the +1 buckler "Luschukh" {rC+} (You found it on
                  | level 1 of the Lair of Beasts)
 15093 | Lair:1   | Reached XP level 12. HP: 102/108 MP: 19/19
 15802 | Lair:1   | Reached skill level 10 in Invocations
 16473 | Lair:2   | Noticed Fannar
 16814 | Orc:1    | Entered Level 1 of the Orcish Mines
 16956 | Orc:1    | Reached skill level 16 in Axes
 17089 | Orc:1    | Found a frozen archway.
 17171 | IceCv    | Entered an ice cave
 17646 | IceCv    | Reached skill level 5 in Shields
 17835 | IceCv    | Got a bloodstained chain mail
 17846 | IceCv    | Identified the +6 chain mail of the Fiddle {rN+ Str+2} (You
                  | found it in an ice cave)
 17873 | IceCv    | Got a jet-encrusted scale mail
 17884 | IceCv    | Identified the cursed +1 scale mail of Divine Compulsion
                  | {rPois} (You found it in an ice cave)
 17928 | IceCv    | Got a slimy halberd
 17929 | IceCv    | Identified the +6 halberd of Discord {protect, MR- Dex+7}
                  | (You found it in an ice cave)
 18395 | Orc:1    | Reached ***** piety under Zin
 18534 | Orc:2    | Entered Level 2 of the Orcish Mines
 18606 | Orc:2    | Noticed a two-headed ogre
 18723 | Orc:2    | Killed a two-headed ogre
 19020 | Orc:2    | Noticed a two-headed ogre
 19047 | Orc:1    | Killed a two-headed ogre
 19047 | Orc:1    | Reached XP level 13. HP: 110/117 MP: 21/21
 19157 | Orc:2    | Reached skill level 17 in Axes
 20600 | Orc:2    | Noticed an ogre mage
 20865 | Orc:2    | Found Gageuf's Gadget Shop.
 20865 | Orc:2    | Found Pehen's Assorted Antiques.
 20865 | Orc:2    | Found Quoffien's Book Emporium.
 20865 | Orc:2    | Found Norgh's Magic Scroll Boutique.
 20876 | Orc:2    | Found a staircase to the Elven Halls.
 20949 | Orc:2    | Found a roughly hewn altar of Beogh.
 20968 | Orc:1    | Reached skill level 18 in Axes
 21488 | D:12     | Got a bloodstained battleaxe
 21499 | D:12     | Identified the cursed +2 battleaxe of Waorgh {chop, +Fly
                  | Int+7} (You found it on level 12 of the Dungeon)
 21537 | D:12     | Noticed Josephine
 21550 | D:12     | Killed Josephine
 21733 | D:12     | Reached XP level 14. HP: 123/129 MP: 23/23
 21830 | D:12     | Noticed Maurice
 21842 | D:12     | Killed Maurice
 23120 | D:13     | Reached skill level 19 in Axes
 23564 | D:13     | Found a gate to the Vaults.
 24900 | Lair:2   | Noticed Urug
 24915 | Lair:2   | Killed Urug
 25883 | Lair:2   | Killed Fannar
 26365 | Lair:3   | Reached XP level 15. HP: 115/138 MP: 25/25
 26767 | Lair:3   | Reached skill level 20 in Axes
 26829 | Lair:3   | Found a hole to the Spider Nest.
 27226 | Lair:4   | Found a staircase to the Swamp.
 28640 | Lair:4   | Reached ****** piety under Zin
 28793 | Lair:4   | Found a runed door.
 29585 | Lair:4   | Got a translucent short sword
 30405 | Lair:5   | Found a hazy altar of Hepliaklqana.
 31036 | Lair:6   | Entered Level 6 of the Lair of Beasts
 32188 | Lair:6   | Reached skill level 21 in Axes
 32589 | Lair:6   | Found a staircase to the Slime Pits.
 34183 | D:14     | Reached XP level 16. HP: 147/147 MP: 27/27
 34203 | D:14     | Reached skill level 15 in Fighting
 34642 | D:14     | Found Oczy's Antique Armour Shoppe.
 34661 | D:14     | Reached skill level 15 in Invocations
 34691 | D:14     | Found a blossoming altar of Fedhas.
 35731 | D:15     | Entered Level 15 of the Dungeon
 35731 | D:15     | Noticed Azrael
 35904 | D:14     | Killed Azrael
 36759 | D:15     | Paralysed by an orc sorcerer for 3 turns
 36798 | D:15     | Found a staircase to the Depths.
 36798 | D:15     | HP: 2/149 [ettin/dire flail of protection (33)]
 36800 | D:15     | Annihilated by an ettin

Skill      XL: |  1  2  3  4  5  6  7  8  9 10 11 12 13 14 15 16 |
---------------+-------------------------------------------------+-----
Axes           | 3 5 6 7 8 10 12 13 15 16 18 19 21 | 21.9
Fighting       | 4 5 6 7 8 9 10 11 13 14 15 | 15.4
Armour         | 4 5 6 7 9 10 11 12 13 14 | 14.4
Invocations    | 3 5 7 9 11 12 13 14 15 | 15.4
Shields        | 5 |  5.0

Action                   |  1- 3 |  4- 6 |  7- 9 | 10-12 | 13-15 | 16-18 || total
-------------------------+-------+-------+-------+-------+-------+-------++-------
Melee: War axe           |    74 |   141 |   552 |   127 |    24 |       ||   918
       Mace              |       |       |       |   139 |    89 |       ||   228
       Hand axe          |       |       |       |   753 |   224 |       ||   977
       Battleaxe         |       |       |       |       |   907 |   276 ||  1183
Throw: Stone             |       |       |       |       |    12 |       ||    12
Invok: Recite            |       |       |    16 |    27 |    28 |     7 ||    78
       Donate Gold       |       |       |     1 |       |       |       ||     1
       Vitalisation      |       |       |       |     9 |     6 |     2 ||    17
       Imprison          |       |       |       |     1 |       |       ||     1
       Sanctuary         |       |       |       |       |       |     1 ||     1
Evoke: Wand              |       |       |       |     1 |     1 |       ||     2
  Use: Potion            |     2 |       |     1 |     6 |     5 |     1 ||    15
       Scroll            |       |     3 |     7 |    10 |     9 |       ||    29
 Stab: Paralysed         |       |       |       |     4 |     3 |     1 ||     8
       Invisible         |       |       |       |     4 |     3 |       ||     7
       Confused          |       |       |       |    12 |    10 |     5 ||    27
  Eat: Chunk             |     1 |     4 |     7 |    10 |    21 |     4 ||    47
       Ration            |       |     1 |     3 |     7 |     8 |     2 ||    21
Armor: Scale mail        |    21 |    58 |       |       |       |       ||    79
       Plate armour      |       |    23 |   360 |   495 |       |       ||   878
       Chain mail        |       |       |       |    29 |   703 |   151 ||   883
Dodge: Dodged            |    19 |    60 |   155 |   220 |   428 |    72 ||   954
Block: Shield            |    22 |       |       |       |       |       ||    22
       Buckler           |     6 |    32 |    85 |   166 |    47 |       ||   336
       Other             |       |       |       |       |    43 |    36 ||    79
       Reflection        |       |       |       |       |       |     3 ||     3
